AoeStats
← rikbandy

Arena

508152702Analyzed
4v4 RM · 13d ago on Sep 21, 2026· 37m 28s· 8 players
Game mode
Random Map
Map size
Large (8 player)
Population
200
Speed
Normal
Resources
Standard
Victory
Conquest
Starting age
Dark Age
Ending age
Imperial Age
RankedLock teamsTeams togetherTeam positionsShared explorationLock speedFull tech treeHidden civsTurbo modeCheats
Victory
Defeat
🇧🇷 Khmer · Brazil
1006
+30
🇦🇷 Vietnamese · Argentina
1004
+15
🇹🇼 Turks · Taiwan
944
+17
🇦🇷 Chinese · Argentina
943
+17
🇨🇴 Mongols · Colombia
1007
-17
🇮🇳 Japanese · India
987
-18
🇱🇰 Magyars · Sri Lanka
959
-38
🇨🇱 Byzantines · Chile
935
-14
Matasuegra27
10:16 Feudal Age
14:31 Castle Age
13:27 Double-Bit Axe
16:40 Wheelbarrow
20:20 Bow Saw
22:53 Horse Collar
23:40 Gold Mining
26:03 Scale Barding Armor
26:01 Husbandry
26:04 Stone Mining
27:26 Fletching
27:49 Bloodlines
28:19 Ballistics
28:29 Hand Cart
31:20 Forging
32:41 Iron Casting
35:29 Imperial Age
33:57 Chain Barding Armor
34:36 Gold Shaft Mining
rikbandy
10:44 Feudal Age
14:28 Castle Age
12:42 Double-Bit Axe
13:15 Horse Collar
15:23 Bow Saw
15:29 Heavy Plow
15:54 Loom
20:45 Wheelbarrow
19:57 Town Watch
20:53 Stone Mining
22:07 Hand Cart
28:54 Imperial Age
27:48 Fletching
27:59 Padded Archer Armor
28:30 Bloodlines
28:20 Husbandry
28:47 Thumb Ring
29:16 Bodkin Arrow
29:36 Leather Archer Armor
30:12 Bracer
31:37 Chemistry
31:12 Ballistics
31:25 Parthian Tactics
31:55 Conscription
31:40 Heavy Cavalry Archer
33:43 Ring Archer Armor
34:33 Two-Man Saw
34:04 Gold Mining
34:08 Light Cavalry
35:43 Scale Barding Armor
35:49 Forging
Graw
10:59 Feudal Age
16:06 Castle Age
15:38 Double-Bit Axe
21:01 Horse Collar
22:04 Bow Saw
22:02 Heavy Plow
23:41 Wheelbarrow
23:45 Gold Mining
23:59 Stone Mining
24:34 Loom
25:42 Hand Cart
25:54 Scale Barding Armor
25:40 Fletching
25:52 Padded Archer Armor
27:47 Fervor
28:54 Arson
28:30 Pikeman
29:16 Scale Mail Armor
29:12 Bodkin Arrow
29:42 Chain Barding Armor
30:10 Murder Holes
30:31 Masonry
31:26 Chain Mail Armor
32:49 Corvinian Army
Kanis
11:24 Feudal Age
GordiTOsko
0:33 Loom
10:03 Feudal Age
10:24 Horse Collar
10:30 Double-Bit Axe
17:42 Wheelbarrow
20:31 Castle Age
19:39 Stone Mining
19:40 Gold Mining
21:35 Heavy Plow
21:46 Bow Saw
24:02 Stone Mining
24:04 Gold Mining
25:04 Ballistics
26:32 Gold Shaft Mining
26:52 Stone Shaft Mining
26:49 Fletching
30:38 Imperial Age
28:15 Fletching
29:21 Coinage
29:30 Hand Cart
30:40 Town Watch
32:21 Chemistry
31:24 Padded Archer Armor
32:45 Two-Man Saw
32:55 Conscription
32:03 Capped Ram
33:04 Bodkin Arrow
33:25 Leather Archer Armor
34:21 Bracer
35:16 Siege Ram
36:41 Ring Archer Armor
36:44 Elite Chu Ko Nu
BoShen
10:44 Feudal Age
17:18 Castle Age
21:54 Imperial Age
19:36 Double-Bit Axe
26:21 Padded Archer Armor
30:51 Wheelbarrow
30:29 Bow Saw
30:04 Horse Collar
32:28 Leather Archer Armor
笨狸特能吃
10:26 Feudal Age
13:14 Castle Age
12:20 Double-Bit Axe
12:16 Horse Collar
21:40 Bow Saw
22:19 Wheelbarrow
23:54 Loom
27:33 Imperial Age
25:53 Hand Cart
25:26 Town Watch
25:44 Heavy Plow
25:36 Gold Mining
27:06 Bloodlines
26:57 Husbandry
28:20 Gold Shaft Mining
27:35 Stone Mining
28:25 Scale Barding Armor
28:30 Forging
27:44 Elite Battle Elephant
29:53 Chain Barding Armor
30:44 Iron Casting
31:17 Tusk Swords
35:00 Plate Barding Armor
38:49 Blast Furnace
profe de geografia
1:57 Loom
11:19 Feudal Age
18:16 Castle Age
16:28 Double-Bit Axe
16:31 Horse Collar
17:08 Gold Mining
17:30 Stone Mining
18:47 Wheelbarrow
19:49 Loom
23:33 Town Watch
30:08 Imperial Age
28:27 Hand Cart
28:24 Treadmill Crane
28:40 Murder Holes
29:05 Ballistics
29:51 Stone Shaft Mining
29:35 Heavy Plow
30:04 Bow Saw
31:37 Town Patrol
32:48 Guilds
32:39 Caravan
34:06 Crop Rotation
34:40 Two-Man Saw
33:14 Elite Fire Lancer
33:55 Squires
35:35 Chemistry
34:41 Siege Engineers
34:58 Padded Archer Armor
35:09 Forging
35:00 Scale Mail Armor
36:22 Paper Money
36:02 Chatras
36:45 Leather Archer Armor
37:05 Iron Casting
37:50 Arson
Connection lost

Rejoining the realm…

Still unreachable

The connection could not be restored.

Session expired

The server has moved on; the page needs a fresh start.